AoeStats
← Malelf

Arabia

509608260Analyzed
1v1 RM · 4d ago on Sep 27, 2026· 33m 44s· 2 players
Game mode
Random Map
Map size
Tiny (2 player)
Population
200
Speed
Normal
Resources
Standard
Victory
Conquest
Starting age
Dark Age
Ending age
Imperial Age
RankedLock teamsTeams togetherTeam positionsShared explorationLock speedFull tech treeHidden civsTurbo modeCheats
Victory
Defeat
🇮🇹 Lithuanians · Italy
1703
+12
🇦🇷 Tatars · Argentina
1608
-12
Malelf
8:15 Loom
10:58 Feudal Age
11:28 Double-Bit Axe
11:31 Horse Collar
11:54 Man-at-Arms
19:56 Castle Age
18:16 Gold Mining
18:52 Fletching
20:19 Wheelbarrow
19:58 Crossbowman
20:47 Bodkin Arrow
21:21 Bow Saw
23:03 Heavy Plow
23:50 Padded Archer Armor
24:45 Leather Archer Armor
27:22 Elite Skirmisher
31:27 Thumb Ring
31:50 Ballistics
32:02 Bloodlines
34:14 Scale Barding Armor
Craftmk
5:57 Loom
8:35 Feudal Age
9:19 Double-Bit Axe
12:37 Horse Collar
15:31 Fletching
16:26 Town Watch
23:16 Castle Age
22:18 Gold Mining
22:50 Padded Archer Armor
23:39 Bloodlines
24:25 Husbandry
25:03 Bodkin Arrow
26:12 Ballistics
Connection lost

Rejoining the realm…

Still unreachable

The connection could not be restored.

Session expired

The server has moved on; the page needs a fresh start.